 Dungeon Crawl Stone Soup version 0.29-a0-643-ga013cefcf8 (webtiles) character file.

Game seed: 6820866345105744430

450 zeratav the Cutter (level 7, -12/41 HPs)
             Began as a Kobold Gladiator on June 20, 2022.
             Engulfed by a cloud of flame (23 damage)
             ... on level 5 of the Dungeon.
             The game lasted 00:06:30 (5299 turns).

zeratav the Cutter (Kobold Gladiator)               Turns: 5299, Time: 00:06:31

Health: -12/41     AC:  8    Str: 11    XL:     7   Next: 25%
Magic:  7/7        EV: 16    Int:  9    God:
Gold:   242        SH:  0    Dex: 19    Spells: 6/6 levels left

rFire   . . .      SeeInvis .   w - +4 short sword {short}
rCold   . . .      Faith    .   (no shield)
rNeg    . . .      Spirit   .   b - +0 leather armour
rPois   .          Reflect  .   c - +0 helmet
rElec   .          Harm     .   (no cloak)
rCorr   .          Rampage  .   (no gloves)
Will    .....                   (no boots)
Stlth   ++++......              (no amulet)
HPRegen 0.13/turn               o - +4 ring of protection
MPRegen 0.10/turn               (no ring)

@: no status effects
A: small, no large weapons, nightstalker 3
a: no special abilities


You were on level 5 of the Dungeon.
You visited 1 branch of the dungeon, and saw 5 of its levels.

You collected 242 gold pieces.


Innate Abilities, Weirdness & Mutations

You are small and have problems with some larger weapons.
You are completely attuned to the shadows.


   Skills:
 + Level 3.2 Fighting
 + Level 7.8 Short Blades
 - Level 2.1 Throwing
 + Level 4.5 Dodging
 - Level 5.0 Stealth


You had 6 spell levels left.
You didn't know any spells.
Your spell library was empty.

Inventory:

Hand Weapons
 a - a +0 rapier {short}
 w - a +4 short sword (weapon) {short}
   (You found it on level 4 of the Dungeon)
Missiles
 d - 3 throwing nets (quivered) {=fthrowing}
 e - 5 boomerangs {throwing}
Armour
 b - a +0 leather armour (worn)
 c - a +0 helmet (worn)
 t - a +3 leather armour
   (You took it off an orc on level 4 of the Dungeon)
Jewellery
 o - a +4 ring of protection (left hand)
   (You found it on level 2 of the Dungeon)
Wands
 A - a wand of iceblast (3)
   (You found it on level 5 of the Dungeon)
Scrolls
 g - a scroll of brand weapon {unknown}
 i - 2 scrolls of amnesia {unknown}
 j - 2 scrolls of enchant weapon {unknown}
 l - 5 scrolls of identify {unknown}
 n - 3 scrolls of teleportation {unknown}
 q - 2 scrolls of magic mapping {unknown}
 s - a scroll of enchant armour {unknown}
 u - 2 scrolls of immolation {unknown}
 y - a scroll of blinking {unknown}
Potions
 f - a potion of berserk rage {unknown}
 h - 2 potions of magic {unknown}
 k - 2 potions of lignification {unknown}
 m - a potion of might {unknown}
 p - a potion of heal wounds {unknown}
 r - a potion of attraction {unknown}
 v - 2 potions of cancellation {unknown}
 x - a potion of brilliance {unknown}
 z - a potion of curing {unknown}

Dungeon Overview and Level Annotations

Branches:
Dungeon (5/15) Zot: 24655
 Temple: D:4-7

Altars:
Hepliaklqana
Okawaru
The Shining One

####............
#...#####.......
#☼☼§# #....... #§☼§#
#....... #§§§#
#.......
######...#####.......
#.§§§.....§°○........
#.§°☼.[...§○☼........
#.§☼§.....§○@.......
######...#####.####
#°.○# #.# #§☼.# #.#
#§☼.#


There were no monsters in sight!


Message History

You climb downwards.
There is a stone staircase leading up here.
An adder is nearby!
The helpless adder fails to defend itself.
You stick the adder like a pincushion!!!
You kill the adder!
No target in view!
No target in view!
No target in view!
No target in view!
No target in view!
No target in view!
No target in view!
No target in view!
No target in view!
No target in view!
No target in view!
No target in view!
No target in view!
You open the door.
There is an open door here.
There is an open door here.
You see here a +0 chain mail.
You open the door.
There is an open door here.
You see here 7 stones {throwing}.
An iguana and a jelly come into view.
The helpless iguana fails to defend itself.
You spit the iguana like a pig!!!
You kill the iguana!
You see here 14 gold pieces.
The helpless jelly fails to defend itself.
You stick the jelly like a pincushion!!!
You kill the jelly!
You now have 219 gold pieces (gained 14).
y - a scroll labelled LYEWAPRAIPS Really walk into a travel-excluded area?
You are engulfed in blazing flames.
HP[-13]
You take 13 damage, and now have 28/41 hp.
MASSIVE DAMAGE!! (PAUSE)
You are engulfed in blazing flames.
* * * LOW HITPOINT WARNING * * *
HP[-9]
You take 9 damage, and now have 19/41 hp.
MASSIVE DAMAGE!! (PAUSE)
You are engulfed in blazing flames.
* * * LOW HITPOINT WARNING * * *
HP[-16]
You take 16 damage, and now have 3/41 hp.
MASSIVE DAMAGE!! (PAUSE)
j - 2 scrolls labelled ZETUTU DUOC (gained 1) HP[+1]
u - 2 scrolls labelled IWETWENN TUTZ (gained 1)
You now have 242 gold pieces (gained 23).
A - a wand of iceblast (3)
You start resting.
HP[+37]
Your hp is fully restored (41).
Really walk into a travel-excluded area?
Okay, then.
You see here a +0 ring mail.
Really walk into a travel-excluded area?
You are engulfed in blazing flames.
HP[-18]
You take 18 damage, and now have 23/41 hp.
MASSIVE DAMAGE!! (PAUSE)
You are engulfed in blazing flames.
* * * LOW HITPOINT WARNING * * *
HP[-18]
You take 18 damage, and now have 5/41 hp.
MASSIVE DAMAGE!! (PAUSE)
You see here a +0 ring mail.
You start resting.
HP[+36]
Your hp is fully restored (41).
Really walk into a travel-excluded area?
You are engulfed in blazing flames.
Ouch! That really hurt!
* * * LOW HITPOINT WARNING * * *
HP[-24]
You take 24 damage, and now have 17/41 hp.
MASSIVE DAMAGE!! (PAUSE) HP[+1]
You start resting.
HP[+23]
Your hp is fully restored (41).
Really walk into a travel-excluded area?
You are engulfed in blazing flames.
HP[-13]
You take 13 damage, and now have 28/41 hp.
MASSIVE DAMAGE!! (PAUSE)
You are engulfed in blazing flames.
* * * LOW HITPOINT WARNING * * *
HP[-17]
You take 17 damage, and now have 11/41 hp.
MASSIVE DAMAGE!! (PAUSE)
You are engulfed in blazing flames.
Ouch! That really hurt!
You die...

Skill      XL: |  1  2  3  4  5  6  7 |
---------------+----------------------+-----
Stealth        | 2 3 4 5 |  5.0
Short Blades   | 6 7 |  7.8
Dodging        | 4 |  4.5
Fighting       | 3 |  3.2
Throwing       | |  2.1

Action                   |  1- 3 |  4- 6 |  7- 9 || total
-------------------------+-------+-------+-------++-------
Melee: Rapier            |    68 |    88 |       ||   156
       Punch             |     1 |     1 |       ||     2
       Short sword       |       |    64 |    10 ||    74
 Stab: Sleeping          |    20 |    15 |     4 ||    39
       Distracted        |       |     1 |       ||     1
Armor: Leather armour    |     6 |    41 |       ||    47
Dodge: Dodged            |    27 |   109 |     9 ||   145

Levels and vault maps discovered:
D:1:      dpeg_arrival_stonehenge_12_columns, layout_loops_ring,
          chequers_serial_rivers_large_b, minmay_strange_pillars
D:2:      layout_loops_cross
D:3:      layout_basic, mainiacjoe_overflow_cross_hatched
D:4:      wander_river, layout_rooms, okawaru_gym_becter,
          nicolae_hepliaklqana_hippocampus, uniq_robin
D:5:      layout_basic, xom_butterflies, marbit_many_paths, serial_shops,
          nicolae_stop_n_shop_2, lemuel_flame_loot_1

Notes
Turn   | Place    | Note
-------+----------+-------------------------------------------
     0 | D:1      | zeratav the Kobold Gladiator began the quest for the Orb.
     0 | D:1      | Reached XP level 1. HP: 12/12 MP: 1/1
     0 | D:1      | magus.rc [v1.9.6]
    13 | D:1      | Reached skill level 1 in Stealth
    34 | D:1      | Reached skill level 2 in Stealth
    34 | D:1      | Reached XP level 2. HP: 16/17 MP: 2/2
    44 | D:1      | HP: 3/17 [hobgoblin (2)]
    48 | D:1      | Reached skill level 3 in Stealth
   487 | D:1      | You fall into a shaft and drop 1 floor!
   618 | D:1      | Reached XP level 3. HP: 21/21 MP: 3/3
   795 | D:1      | Reached skill level 4 in Stealth
  2039 | D:3      | Found a glowing golden altar of the Shining One.
  2042 | D:3      | Reached XP level 4. HP: 26/26 MP: 4/4
  2221 | D:3      | Reached skill level 5 in Stealth
  2737 | D:3      | Noticed a scorpion
  2747 | D:3      | Killed a scorpion
  2748 | D:3      | Reached skill level 6 in Short Blades
  2748 | D:3      | Reached XP level 5. HP: 20/30 MP: 5/5
  3026 | D:3      | Reached XP level 6. HP: 35/35 MP: 6/6
  3161 | D:4      | Reached skill level 7 in Short Blades
  3235 | D:4      | HP: 9/36 [poisoned by a scorpion]
  3499 | D:4      | Found an iron altar of Okawaru.
  3639 | D:4      | Reached skill level 4 in Dodging
  3732 | D:4      | Noticed Robin
  3743 | D:4      | Killed Robin
  4146 | D:4      | Reached XP level 7. HP: 29/40 MP: 7/7
  4345 | D:4      | Reached skill level 3 in Fighting
  4416 | D:4      | Found a hazy altar of Hepliaklqana.
  4460 | D:5      | Entered Level 5 of the Dungeon
  4537 | D:5      | HP: 3/41 [something (16)]
  4833 | D:5      | HP: 4/41 [something (19)]
  5299 | D:5      | Engulfed by a cloud of flame

Vanquished Creatures
  2 scorpions
  A howler monkey (D:4)
  A jelly (D:5)
  An orc priest (D:3)
  An iguana (D:5)
  An orc wizard (D:4)
  Robin (D:4)
  6 adders
  2 worms
  4 dart slugs
  7 orcs
  3 ball pythons (D:4)
  8 endoplasms
  10 giant cockroaches
  14 goblins
  14 hobgoblins
  6 kobolds
  2 quokkas
  6 bats
  3 frilled lizards
  7 rats
100 creatures vanquished.

Table legend:
 A = Non-vault XP
 B = Vault XP
 C = Vault XP percentage of total XP
 D = Non-vault monster count
 E = Vault monster count
 F = Vault count percentage of total count
                 A         B        C        D         E       F
            +---------+---------+-------+---------+---------+-------
      Total |     604 |      39 |   6.1 |      87 |      13 |  13.0
            +---------+---------+-------+---------+---------+-------
        D:1 |      53 |       0 |   0.0 |      27 |       0 |   0.0
        D:2 |      15 |       0 |   0.0 |       7 |       0 |   0.0
        D:3 |     207 |       0 |   0.0 |      26 |       0 |   0.0
        D:4 |     237 |      39 |  14.1 |      24 |      13 |  35.1
        D:5 |      92 |       0 |   0.0 |       3 |       0 |   0.0
            +---------+---------+-------+---------+---------+-------

Illustrated notes

Table legend:
 A = Kills in this place as a percentage of kills in entire the game.
 B = Kills by you in this place as a percentage of kills by you in the entire game.
 C = Kills by friends in this place as a percentage of kills by friends in the entire game.
 D = Other kills in this place as a percentage of other kills in the entire game.
 E = Experience gained in this place as a percentage of experience gained in the entire game.
 F = Experience gained in this place divided by the number of levels of this place that you have seen.
                   A       B       C       D       E      F
               +-------+-------+-------+-------+-------+----------------------
         Total | 100.0 | 100.0 |   N/A |   N/A | 100.0 | 128.6
       Dungeon | 100.0 | 100.0 |   N/A |   N/A | 100.0 | 128.6
               +-------+-------+-------+-------+-------+----------------------

Table legend: (Time is in decaauts)
 A = Elapsed time spent in this place.
 B = Non-inter-level travel time spent in this place.
 C = Inter-level travel time spent in this place.
 D = Time resting spent in this place.
 E = Time spent auto-exploring this place.
 F = Levels seen in this place.
 G = Mean time per level.
                   A        B        C        D        E       F      G
               +--------+--------+--------+--------+--------+-----+--------+
         Total |   5345 |   5249 |     96 |   1803 |   2789 |   5 | 1069.0 |
       Dungeon |   5345 |   5249 |     96 |   1803 |   2789 |   5 | 1069.0 |
               +--------+--------+--------+--------+--------+-----+--------+

Top non-repeatable levels by time:
     D:1: 1290 daAuts
     D:3: 1254 daAuts
     D:4: 1190 daAuts
     D:5: 837 daAuts
     D:2: 771 daAuts
